 Dungeon Crawl Stone Soup version 0.18.1-8-gdd0e5ea (webtiles) character file.

138 santipi the Shield-Bearer (level 5, -1/42 HPs)
             Began as a Human Fighter on June 11, 2016.
             Was a Follower of Qazlal.
             Slain by an orc wizard
             ... wielding a +0 dagger
              (3 damage)
             ... on level 3 of the Dungeon.
             The game lasted 00:05:33 (1571 turns).

santipi the Shield-Bearer (Human Fighter)           Turns: 1571, Time: 00:05:34

Health: -1/42      AC:  8    Str: 17    XL:     5   Next: 45%
Magic:  5/5        EV:  7    Int:  9    God:    Qazlal [*.....]
Gold:   147        SH: 11    Dex: 12    Spells: 0 memorised, 4 levels left

rFire  . . .     SeeInvis .     a - +0 trident
rCold  . . .     Gourm    .     b - +0 scale mail
rNeg   . . .     Faith    .     c - +0 shield
rPois  .         Spirit   .     (no helmet)
rElec  .         Dismiss  .     (no cloak)
rCorr  .         Reflect  .     i - +0 pair of gloves
SustAt .         Harm     .     (no boots)
MR     .....                    (no amulet)
Stlth  ..........               (no ring)
                                (no ring)

@: not resistant to hostile enchantments, extremely unstealthy
A: no striking features
a: Renounce Religion


You were on level 3 of the Dungeon.
You worshipped Qazlal.
Qazlal was aware of your devotion.
You were not hungry.

You visited 1 branch of the dungeon, and saw 3 of its levels.

You collected 147 gold pieces.

Inventory:

Hand Weapons
 a - a +0 trident (weapon)
Armour
 b - a +0 scale mail (worn)
 c - a +0 shield (worn)
 i - a +0 pair of gloves (worn)
Scrolls
 e - a scroll of recharging {unknown}
 h - a scroll of noise {unknown}
 j - 2 scrolls of enchant armour {unknown}
 k - a scroll of teleportation {unknown}
 n - a scroll of remove curse {unknown}
 o - a scroll of identify {unknown}
 q - 2 scrolls of random uselessness {unknown}
Potions
 d - a potion of might
 g - a potion of heal wounds {unknown}
 l - 2 potions of curing
 m - 3 potions of berserk rage {unknown}
 p - 2 potions of degeneration {unknown}
 t - a potion of magic {unknown}
Comestibles
 f - 4 bread rations
 r - a royal jelly
 s - 2 chunks of flesh


   Skills:
 + Level 3.8 Fighting
 + Level 2.6 Polearms
 + Level 3.8 Armour
 + Level 1.2 Dodging
 + Level 4.0 Shields


You had 4 spell levels left.
You didn't know any spells.

Dungeon Overview and Level Annotations

Branches:
Dungeon (3/15)

Altars:
Elyvilon
Qazlal
The Shining One


Message History

Qazlal accepts your kill.
Your Shields skill increases to level 4!
Attack whom?
Press: ? - help, Dir - move target cursor, f - orc wizard
Aim: an orc wizard, wielding a dagger and wearing a robe (fast)
You reach to attack!
You closely miss the orc wizard. You block the orc wizard's attack.
You closely miss the orc wizard.
The orc wizard casts a spell.
The orc wizard blinks!
The orc wizard gestures at you while chanting.
You resist with some effort.
You see here a stone.
The orc wizard points at you and mumbles some strange words.
The magic dart hits you!
* * * LOW HITPOINT WARNING * * *
You hit the orc wizard.
The orc wizard is moderately wounded.
The orc wizard hits you with a dagger.
You die...

#... ###.#########.##
#....+.#............#
#....#.)†....######.#
#.............# #..
######........# ##.
#........# #. #........#
#.
##.#.######........######.
......))(@o.....(.>......(
...#.######.############..
#.# ##. #.# #. #.# #. #.#
#. #.# #. #.# #. #.# ##


You could see an orc wizard.

Vanquished Creatures
  An orc priest (D:3)
  Jessica (D:2)
  Robin (D:2)
  2 adders
  2 worms (D:2)
  A giant gecko (D:2)
  3 orcs (D:3)
  2 giant cockroaches (D:2)
  11 goblins
  6 hobgoblins
  3 jackals (D:1)
  A quokka (D:3)
  2 bats
  A giant newt (D:2)
  4 kobolds
  4 rats
45 creatures vanquished.

Notes
Turn   | Place    | Note
--------------------------------------------------------------
     0 | D:1      | santipi the Human Fighter began the quest for the Orb.
     0 | D:1      | Reached XP level 1. HP: 18/18 MP: 1/1
   312 | D:1      | Reached XP level 2. HP: 24/24 MP: 2/2
   678 | D:2      | Noticed Robin
   686 | D:2      | Killed Robin
   686 | D:2      | Reached XP level 3. HP: 17/29 MP: 3/3
   693 | D:2      | HP: 1/29 [hobgoblin/club[Robin] (3)]
   737 | D:2      | Noticed Jessica
   739 | D:2      | Killed Jessica
   739 | D:2      | Reached XP level 4. HP: 11/35 MP: 4/4
  1021 | D:2      | Found a glowing golden altar of the Shining One.
  1025 | D:2      | Found a white marble altar of Elyvilon.
  1337 | D:2      | Found a faded altar to an unknown god.
  1347 | D:2      | Became a worshipper of Qazlal Stormbringer
  1347 | D:2      | Reached * piety under Qazlal
  1412 | D:2      | Reached skill level 1 in Dodging
  1511 | D:3      | Reached XP level 5. HP: 27/41 MP: 5/5
  1566 | D:3      | Reached skill level 4 in Shields
  1570 | D:3      | HP: 2/42 [orc wizard/magic dart (9)]
  1571 | D:3      | Slain by an orc wizard

Skill      XL: |  1  2  3  4  5 |
---------------+----------------+-----
Dodging        | 1 |  1.2
Shields        | 4 |  4.0
Fighting       | |  3.8
Polearms       | |  2.6
Armour         | |  3.8

Action                   |  1- 3 |  4- 6 || total
-------------------------+-------+-------++-------
Melee: Trident           |    47 |    99 ||   146
  Use: Potion            |     4 |     1 ||     5
 Stab: Invisible         |     1 |       ||     1
  Eat: Meat ration       |       |     1 ||     1
Armor: Scale mail        |    13 |    30 ||    43
Dodge: Dodged            |    19 |    16 ||    35
Block: Shield            |    31 |    37 ||    68
